 Dungeon Crawl Stone Soup version 0.32-a0-450-g080537f31e (webtiles) character file.

Game seed: 3326270813389832143

2991 Juicyj the Trooper (level 9, -8/80 HPs)
             Began as a Minotaur Fighter on Feb 23, 2024.
             Killed by divine providence
             ... invoked by an orc priest
              (13 damage)
             ... on level 7 of the Dungeon.
             The game lasted 00:10:10 (7121 turns).

Juicyj the Trooper (Minotaur Fighter)               Turns: 7121, Time: 00:10:11

Health: -8/80      AC: 14    Str: 26    XL:     9   Next: 54%
Magic:  8/8        EV:  7    Int:  8    God:
Gold:   619        SH:  6    Dex: 15    Spells: 8/8 levels left

rFire   . . .        t - +9 whip of Gluttony {elec, rElec}
rCold   + . .        c - +0 buckler
rNeg    . . .        j - +1 plate armour
rPois   .            (helmet restricted)
rElec   +            (no cloak)
rCorr   .            (no gloves)
SInv    +            (no boots)
Will    .....        (no amulet) Stlth
                     r - ring of Wuokipli {rC+ Int+3 Slay+3 SInv}
HPRegen 0.33/turn    x - +6 ring of dexterity
MPRegen 0.11/turn

%: no passive effects
@: no status effects
A: horns 2, retaliatory headbutt
a: Convert to Beogh


You were on level 7 of the Dungeon.
You visited 1 branch of the dungeon, and saw 7 of its levels.

You collected 1099 gold pieces.
You spent 480 gold pieces at shops.

Inventory:

Hand Weapons
 a - a +1 war axe
 t - the +9 whip of Gluttony (weapon) {elec, rElec}
   (You found it on level 3 of the Dungeon)

   rElec:     It insulates you from electricity.
Armour
 b - a +0 scale mail
 c - a +0 buckler (worn)
 j - a +1 plate armour (worn)
Jewellery
 l - a +6 ring of intelligence
 n - a ring of magical power
 o - a ring of protection from fire
 p - a ring of magical power
 r - the ring of Wuokipli (left hand) {rC+ Int+3 Slay+3 SInv}
   (You acquired it on level 4 of the Dungeon)

   [ring of see invisible]

   Int+3:     It affects your intelligence (+3).
   Slay+3:    It affects your accuracy & damage with ranged weapons and melee
   (+3).
   rC+:       It protects you from cold.
   SInv:      It lets you see invisible.
 x - a +6 ring of dexterity (right hand)
Talismans
 i - a flux talisman
 k - a beast talisman
Scrolls
 g - a scroll of vulnerability
 h - 3 scrolls of teleportation
 s - a scroll of fog
 B - a scroll of noise
Potions
 d - 2 potions of might
 e - a potion of attraction
 f - a potion of enlightenment
 m - 7 potions of curing
 u - a potion of brilliance
 v - a potion of magic
 w - a potion of resistance
 z - 2 potions of heal wounds


   Skills:
 + Level 7.7 Fighting
 - Level 3.6(5.3) Axes
 + Level 5.9(6.4) Maces & Flails
 + Level 7.5 Armour
 + Level 7.5 Shields
 * Level 5.4 Shapeshifting


You had 8 spell levels left.
You didn't know any spells.
Your spell library contained the following spells:

 Spells                   Type           Power      Damage    Failure   Level
 Passage of Golubria      Tloc           0%         N/A       100%        4
 Summon Blazeheart Golem  Fire/Summ      0%         N/A       100%        4
 Silence                  Hex/Air        0%         N/A       100%        5
 Orb of Destruction       Conj           0%         9d5       100%        7
 Spellforged Servitor     Conj/Summ      0%         N/A       100%        7
 Lehudib's Crystal Spear  Conj/Erth      0%         10d2      100%        8


Dungeon Overview and Level Annotations

Branches:
Dungeon (7/15)             Temple (0/1) D:4

Altars:
Fedhas
Hepliaklqana
Makhleb
Wu Jian

Shops:
D:3 :   D:6 !


Innate Abilities, Weirdness & Mutations

You have a pair of horns on your head.
You reflexively headbutt those who attack you in melee.


Message History

The orc warrior hits you with a +0 trident.
You whack the orc warrior!
Lightning courses through the orc warrior!
You headbutt the orc warrior.
You kill the orc warrior!
The orc wizard hits you but does no damage.
The orc warrior unwields a +0 battleaxe.
The orc warrior wields a +0 arbalest.
The orc warrior shoots a bolt.
The bolt closely misses the orc wizard.
The bolt hits you but does no damage.
You whack the orc wizard! You headbutt the orc wizard!
You kill the orc wizard!
The orc warrior shoots a bolt.
The bolt hits you.
The orc priest calls down the wrath of Beogh upon you.
Beogh smites you!
* * * LOW HITPOINT WARNING * * *
The orc wizard hits you but does no damage.
The orc warrior unwields a +0 arbalest.
The orc warrior wields a +0 battleaxe.
The orc warrior hits you with a +0 battleaxe.
* * * LOW HITPOINT WARNING * * *
Items here: ) [ †††.
You hit the orc warrior but do no damage.
Lightning courses through the orc warrior!
The orc warrior is heavily wounded.
The orc cheers loudly.
The orc wizard barely misses you. The orc warrior barely misses you.
You furiously retaliate!
You headbutt the orc warrior. You hit the orc warrior.
The orc warrior is almost dead.
The orc priest looks encouraged for a moment.
The orc wizard gestures at you while chanting.
The magic dart hits you.
* * * LOW HITPOINT WARNING * * *
You whack the orc warrior!
You kill the orc warrior!
The orc wizard closely misses you.
You hit the orc wizard.
The orc wizard is moderately wounded.
The orc priest mumbles some strange prayers to Beogh against you.
Beogh smites you!
You die...

### ### #.# #.# #.# #.# ###.#
########.######### .#.##
#####.))##...........### ...#
##.....#@)....##.....#... ...##
##...####o####.......#####
....####..#.###ooo###.......# #
....##......##ßoooß##.......# ###
.......#..)###.oo..##.......###..
.......##...#.......#.......##...
........##..#.ß...ß.#............
............#.......#............
............#.......#............


You could see an orc priest, an orc wizard (invisible) and 7 orcs.

Vanquished Creatures
  The ghost of jasper the Trooper, a novice CoCK of Gozag (D:6)
  A water moccasin (D:7)
  Duvessa (D:4)
  4 orc warriors (D:7)
  2 ice beasts
  An ogre (D:5)
  3 centaurs
  A gnoll sergeant (D:6)
  A bullfrog (D:6)
  A scorpion (D:4)
  6 wights (D:7)
  Dowan (D:4)
  2 howler monkeys
  2 bombardier beetles
  3 orc priests (D:5)
  9 hounds
  5 iguanas
  A sleepcap (D:7)
  4 orc wizards
  Robin (D:2)
  4 adders
  3 gnolls (D:6)
  A shadow imp (D:6)
  A white imp (D:6)
  2 dart slugs
  2 ribbon worms (D:2)
  16 orcs
  6 endoplasms
  A giant cockroach (D:3)
  11 goblins
  9 hobgoblins
  4 jackals (D:2)
  2 kobolds
  A quokka (D:4)
  3 ball pythons
  10 bats
  3 frilled lizards
  4 rats
133 creatures vanquished.

Notes
Turn   | Place    | Note
-------+----------+-------------------------------------------
     0 | D:1      | Juicyj the Minotaur Fighter began the quest for the Orb.
     0 | D:1      | Reached XP level 1. HP: 19/19 MP: 0/0
   208 | D:1      | Reached XP level 2. HP: 23/27 MP: 1/1
   561 | D:2      | Noticed Robin
   564 | D:2      | Killed Robin
   565 | D:2      | Reached XP level 3. HP: 32/33 MP: 2/2
  1388 | D:3      | Found a blossoming altar of Fedhas.
  1494 | D:3      | Reached XP level 4. HP: 36/41 MP: 3/3
  1921 | D:3      | Identified the +9 whip of Gluttony {elec, rElec}
  2214 | D:3      | Found Wiclimi's Book Emporium.
  2437 | D:4      | Identified 2 scrolls of acquirement
  2437 | D:4      | Acquired the ring of Wuokipli {rC+ Int+3 Slay+3 SInv}
  2440 | D:4      | Acquired 594 gold pieces
  2472 | D:4      | Found a burning altar of Makhleb.
  2475 | D:4      | Found an ornate altar of the Wu Jian Council.
  2476 | D:4      | Found a hazy altar of Hepliaklqana.
  2485 | D:4      | Noticed Duvessa
  2492 | D:4      | Reached XP level 5. HP: 47/47 MP: 4/4
  2497 | D:4      | Killed Duvessa
  2498 | D:4      | Reached skill level 1 in Maces & Flails
  2498 | D:4      | Reached skill level 1 in Shapeshifting
  2498 | D:4      | Noticed Dowan
  2500 | D:4      | Killed Dowan
  2501 | D:4      | Reached skill level 5 in Fighting
  2501 | D:4      | Reached skill level 5 in Armour
  2501 | D:4      | Reached XP level 6. HP: 49/56 MP: 5/5
  2549 | D:4      | Reached skill level 5 in Shields
  2581 | D:4      | Found a staircase to the Ecumenical Temple.
  2953 | D:5      | Entered Level 5 of the Dungeon
  3369 | D:5      | Reached XP level 7. HP: 61/61 MP: 6/6
  4351 | D:6      | Found a runed translucent gate.
  4351 | D:6      | Found a runed translucent gate.
  4351 | D:6      | Found a runed translucent gate.
  4393 | D:6      | Reached XP level 8. HP: 70/70 MP: 7/7
  4875 | D:6      | Noticed jasper's ghost (novice CoCK)
  4917 | D:6      | Found Evaoshra's Distillery.
  4942 | D:6      | Bought a potion of curing for 45 gold pieces
  4942 | D:6      | Bought a potion of heal wounds for 75 gold pieces
  4942 | D:6      | Bought a potion of curing for 45 gold pieces
  4942 | D:6      | Bought a potion of curing for 45 gold pieces
  4942 | D:6      | Bought a potion of heal wounds for 75 gold pieces
  4942 | D:6      | Bought a potion of invisibility for 120 gold pieces
  4942 | D:6      | Bought a potion of heal wounds for 75 gold pieces
  5603 | D:6      | Killed jasper's ghost
  5760 | D:7      | Reached skill level 5 in Maces & Flails
  5762 | D:7      | Reached XP level 9. HP: 53/79 MP: 8/8
  6579 | D:7      | Reached skill level 5 in Shapeshifting
  6834 | D:7      | Found a runed translucent door.
  7121 | D:7      | Killed from afar by an orc priest

Illustrated notes

Levels and vault maps discovered:
D:1:      mrwooster_arrival_statue_3, layout_rooms
D:2:      layout_loops_corners, uniq_robin
D:3:      layout_basic, mainiacjoe_overflow_24_doors, serial_shops, shop
D:4:      layout_cave_pools, chequers_temple_overflow_statue_of_worship,
          minmay_temple_entry_steel_oval, serial_column_ruins,
          column_ruins_grid_3, column_ruins_columns_water,
          column_ruins_open_small, column_ruins_open_small, uniq_duvessa
D:5:      layout_layer_cave
D:6:      layout_layer_cave, serial_shops, nicolae_shop_tiny_waterfront,
          ebering_ghost_rock_garden, serial_library_regret_index_small_wings
D:7:      layout_layer_cave, hex_large, grunt_ministairs_11, roderic_batcave,
          lightli_church_of_beogh

Skill      XL: |  1  2  3  4  5  6  7  8  9 |
---------------+----------------------------+-----
Fighting       | 4 5 6 7 |  7.7
Armour         | 4 5 6 7 |  7.5
Axes           | 3 |  3.6
Shields        | 4 5 6 7 |  7.5
Maces & Flails | 1 2 3 5 |  5.9
Shapeshifting  | 1 2 3 4 5 |  5.4

Action                     |  1- 3 |  4- 6 |  7- 9 || total
---------------------------+-------+-------+-------++-------
  Melee: War axe           |    78 |     7 |       ||    85
         Headbutt          |     7 |     6 |    23 ||    36
         Whip              |       |    59 |   139 ||   198
    Use: Scroll            |       |     9 |     5 ||    14
         Potion            |       |     3 |     4 ||     7
   Stab: Invisible         |       |       |     1 ||     1
 Armour: Scale mail        |    11 |       |       ||    11
         Plate armour      |    50 |    48 |   132 ||   230
  Dodge: Dodged            |    17 |    14 |    49 ||    80
  Block: Buckler           |    13 |    15 |    47 ||    75

Table legend: (Time is in decaauts)
 A = Elapsed time spent in this place.
 B = Non-inter-level travel time spent in this place.
 C = Inter-level travel time spent in this place.
 D = Time resting spent in this place.
 E = Time spent auto-exploring this place.
 F = Levels seen in this place.
 G = Mean time per level.
                   A        B        C        D        E       F      G
               +--------+--------+--------+--------+--------+-----+--------+
         Total |   7131 |   6983 |    148 |    132 |   5991 |   7 | 1018.7 |
       Dungeon |   7131 |   6983 |    148 |    132 |   5991 |   7 | 1018.7 |
               +--------+--------+--------+--------+--------+-----+--------+

Top non-repeatable levels by time:
     D:7: 1443 daAuts
     D:5: 1366 daAuts
     D:6: 1337 daAuts
     D:3: 1076 daAuts
     D:2: 937 daAuts
     D:4: 525 daAuts
     D:1: 444 daAuts
